 Dungeon Sprint DCSS version 0.18.1-8-gdd0e5ea (webtiles) character file.

1804 Groucho the Tainter (level 9, 0/67 HPs)
             Began as an Octopode Transmuter on May 22, 2016.
             Was a Priest of Sif Muna.
             Succumbed to Sonja's curare-tipped needle
             ... in the Dungeon (Sprint I: "Red Sonja").
             The game lasted 00:03:36 (2646 turns).

Groucho the Tainter (Octopode Transmuter)           Turns: 2646, Time: 00:03:36

Health: 0/67       AC:  2    Str: 13    XL:     9   Next: 9%
Magic:  20/20      EV: 27    Int: 15    God:    Sif Muna [***...]
Gold:   320        SH:  0    Dex: 17    Spells: 4 memorised, 10 levels left

rFire  . . .     SeeInvis .       - Unarmed
rCold  . . .     Gourm    .     (shield currently unavailable)
rNeg   . . .     Faith    .     (helmet currently unavailable)
rPois  x         Spirit   .     (no amulet)
rElec  .         Dismiss  .     (no ring)
rCorr  .         Reflect  .     (no ring)
SustAt .         Harm     .     (no ring)
MR     .....     NoTele   +     (no ring)
Stlth  ++........               (no ring)
                                (no ring)
                                (no ring)
                                (no ring)

@: lethally poisoned (0 -> -4), spider-form, starving, slowed, very slow, not
resistant to hostile enchantments, unstealthy
A: almost no armour, (amphibious), 8 rings, (constrict 8), (camouflage 0),
(gelatinous body 0)
a: End Transformation, Channel Energy, Renounce Religion


You were in the Dungeon.
You worshipped Sif Muna.
Sif Muna was most pleased with you.
You were starving.
You were a venomous arachnid creature.
You visited 1 branch You collected 463 gold pieces.
You spent 143 gold pieces at shops.

Inventory:

Missiles
 a - 12 arrows
Wands
 c - a wand of lightning (8/15)
Scrolls
 d - a scroll of remove curse {unknown}
 i - a scroll of blinking
Potions
 g - 2 potions of magic
Books
 b - a book of Changes

   Spells                             Type                      Level
   a - Beastly Appendage              Transmutation                1
   b - Sticks to Snakes               Transmutation                2
   c - Spider Form                    Transmutation/Poison         3
   d - Ice Form                       Ice/Transmutation            4
   e - Blade Hands                    Transmutation                5


   Skills:
 + Level 8.3 Fighting
 + Level 8.5 Dodging
 + Level 8.8 Unarmed Combat
 + Level 7.8 Spellcasting
 + Level 8.5 Transmutations
 + Level 9.3 Poison Magic


You had 10 spell levels left.
You knew the following spells:

 Your Spells              Type           Power        Failure   Level  Hunger
a - Beastly Appendage     Trmt           ####..       3%          1    None
b - Spider Form           Trmt/Pois      ####......   4%          3    ##.....
c - Ice Form              Ice/Trmt       ###.....     45%         4    ####...
d - Blade Hands           Trmt           ####......   28%         5    #####..


Dungeon Overview and Level Annotations

Branches:
Dungeon (1/1)

Altars:
Cheibriados
Dithmenos
Elyvilon
Fedhas
Gozag
Kikubaaqudgha
Makhleb
Nemelex Xobeh
Okawaru
Pakellas
Qazlal
Ru
Sif Muna
Trog
Vehumet
Xom
Yredelemnul
Zin
The Shining One
Jiyva

Shops:
D }


Innate Abilities, Weirdness & Mutations

You cannot wear most types of armour.
((You are amphibious.))
You can wear up to eight rings at the same time.
((You can use your tentacles to constrict eight enemies at once.))
((Your skin changes colour to match your surroundings (Stealth).))
((Your rubbery body absorbs attacks (AC +1).))


Message History

Okay, then.
* * * LOW HITPOINT WARNING * * *
You feel sick.
You aren't carrying any food.
* * * LOW HITPOINT WARNING * * *
You feel sick.
* * * LOW HITPOINT WARNING * * *
You feel sick.
* * * LOW HITPOINT WARNING * * *
You feel sick.
There is an open door here.
You see here a curare-tipped needle.
* * * LOW HITPOINT WARNING * * *
You feel sick.
* * * LOW HITPOINT WARNING * * *
You feel sick.
You see here a curare-tipped needle.
* * * LOW HITPOINT WARNING * * *
You feel sick.
You die...

##########################
#<.#.)'..#.)'..#__#.s)...#
#..'..#.)'..#..+s.'..#.§.#
#..#####'#####'#__####
.s's #..####..#...#.####
##. #..#__####.(##.#
#..#_.___##'#..+
#⌠⌠#_.∩...s.(._#
####_..._##_.#'#
#_____###(#.#
#########.### +$.)+ #(.$#
##(## #+#


There were no monsters in sight!

Vanquished Creatures
  Sonja (D)
  2 kobold demonologists (D)
  A slime creature (D)
  Sigmund (D)
  A yak (D)
  A giant eyeball (D)
  An ogre (D)
  A jelly (D)
  Ijyb (D)
10 creatures vanquished.

Notes
Turn   | Place    | Note
--------------------------------------------------------------
     0 | D        | Groucho the Octopode Transmuter began the quest for the Orb.
     0 | D        | Reached XP level 1. HP: 13/13 MP: 3/3
     3 | D        | Noticed Ijyb
    10 | D        | Killed Ijyb
    10 | D        | Reached XP level 2. HP: 9/20 MP: 3/6
    10 | D        | Reached XP level 3. HP: 12/25 MP: 3/7
   436 | D        | Learned a level 3 spell: Spider Form
   438 | D        | Noticed an ogre
   444 | D        | Killed an ogre
   444 | D        | Reached skill level 3 in Poison Magic
   444 | D        | Reached XP level 4. HP: 33/33 MP: 7/10
   585 | D        | Noticed Sigmund
   599 | D        | Killed Sigmund
   599 | D        | Reached skill level 5 in Fighting
   599 | D        | Reached skill level 5 in Dodging
   599 | D        | Reached skill level 5 in Spellcasting
   599 | D        | Reached skill level 5 in Transmutations
   599 | D        | Reached skill level 5 in Poison Magic
   599 | D        | Reached XP level 5. HP: 39/39 MP: 9/12
   599 | D        | Reached XP level 6. HP: 45/45 MP: 9/13
   841 | D        | Found a deep blue altar of Sif Muna.
   843 | D        | Found a radiant altar of Vehumet.
   851 | D        | Became a worshipper of Sif Muna the Loreminder
  1393 | D        | Learned a level 4 spell: Ice Form
  1399 | D        | Learned a level 5 spell: Blade Hands
  1403 | D        | Found Ycvucvif's Gadget Emporium.
  1403 | D        | Found a white marble altar of Elyvilon.
  1403 | D        | Found a stormy altar of Qazlal.
  1403 | D        | Found a burning altar of Makhleb.
  1403 | D        | Found a sacrificial altar of Ru.
  1403 | D        | Found an oddly glowing altar of Pakellas.
  1403 | D        | Found a basalt altar of Yredelemnul.
  1403 | D        | Found a glowing golden altar of the Shining One.
  1403 | D        | Found a sparkling altar of Nemelex Xobeh.
  1403 | D        | Found a shimmering altar of Xom.
  1403 | D        | Found an opulent altar of Gozag.
  1403 | D        | Found an ancient bone altar of Kikubaaqudgha.
  1403 | D        | Found a glowing silver altar of Zin.
  1403 | D        | Noticed a yak
  1404 | D        | Found an iron altar of Okawaru.
  1410 | D        | Killed a yak
  1410 | D        | Reached * piety under Sif Muna
  1410 | D        | Reached skill level 6 in Poison Magic
  1410 | D        | Reached XP level 7. HP: 29/52 MP: 11/15
  1731 | D        | Found a bloodstained altar of Trog.
  1735 | D        | Bought a wand of lightning (9/15) for 143 gold pieces
  1750 | D        | Found a snail-covered altar of Cheibriados.
  1750 | D        | Found a viscous altar of Jiyva.
  1750 | D        | Found a shadowy altar of Dithmenos.
  1750 | D        | Found a blossoming altar of Fedhas.
  1750 | D        | Noticed a slime creature
  1761 | D        | Killed a slime creature
  1761 | D        | Reached skill level 7 in Poison Magic
  2172 | D        | Noticed a kobold demonologist
  2174 | D        | Noticed a rust devil
  2177 | D        | Reached ** piety under Sif Muna
  2185 | D        | Killed a kobold demonologist
  2185 | D        | Reached XP level 8. HP: 60/60 MP: 15/18
  2192 | D        | Noticed a kobold demonologist
  2198 | D        | Killed a kobold demonologist
  2198 | D        | Reached skill level 8 in Poison Magic
  2199 | D        | Noticed a demonic crawler
  2199 | D        | Noticed a demonic crawler
  2199 | D        | Noticed a demonic crawler
  2199 | D        | Noticed a demonic crawler
  2209 | D        | HP: 3/60 [demonic crawler (6)]
  2620 | D        | Noticed Sonja
  2633 | D        | Killed Sonja
  2633 | D        | Reached *** piety under Sif Muna
  2633 | D        | Reached skill level 9 in Poison Magic
  2633 | D        | Reached XP level 9. HP: 21/67 MP: 17/20
  2643 | D        | HP: 2/67 [poisoned by Sonja (curare-tipped needle)]
  2646 | D        | Succumbed to Sonja's curare-tipped needle

Skill      XL: |  1  2  3  4  5  6  7  8 |
---------------+-------------------------+-----
Fighting       | 2 3 5 6 7 8 |  8.3
Dodging        | 3 4 5 6 7 8 |  8.5
Spellcasting   | 3 4 5 6 7 |  7.8
Transmutations | 3 4 5 6 7 8 |  8.5
Unarmed Combat | 4 6 7 8 |  8.8
Poison Magic   | 3 5 6 7 9 |  9.3

Action                   |  1- 3 |  4- 6 |  7- 9 || total
-------------------------+-------+-------+-------++-------
Melee: Unarmed           |     9 |    18 |    40 ||    67
       Tentacles         |     6 |       |       ||     6
       Kick              |     3 |     2 |       ||     5
       Constrict         |     1 |       |     1 ||     2
 Cast: Beastly Appendage |     2 |     1 |       ||     3
       Spider Form       |       |     2 |     4 ||     6
Evoke: Wand              |       |       |     1 ||     1
  Use: Potion            |     2 |     1 |     1 ||     4
 Stab: Sleeping          |     2 |       |       ||     2
  Eat: Bread ration      |       |     1 |       ||     1
Armor: Skin              |     1 |       |     2 ||     3
Dodge: Dodged            |     3 |    10 |    46 ||    59
